 Dungeon Crawl Stone Soup version 0.31-a0-846-gb3bcc0d938 (webtiles) character file.

Game seed: 15216836293779294016

64492 wvc the Destroyer (level 15, 0/92 HPs)
             Began as a Gargoyle Fire Elementalist on Oct 3, 2023.
             Was a High Priest of Vehumet.
             Killed from afar by a fire dragon (18 damage)
             ... with a blast of flame
             ... on level 5 of the Lair of Beasts.
             The game lasted 01:58:18 (25223 turns).

wvc the Destroyer (Gargoyle Fire Elementalist)     Turns: 25223, Time: 01:58:19

Health: 0/92       AC: 21    Str: 19    XL:     15   Next: 13%
Magic:  28/31      EV: 11    Int: 28    God:    Vehumet [*****.]
Gold:   1842       SH:  5    Dex: 10    Spells: 6/38 levels left

rFire   . . .        a - +5 demon whip (venom)
rCold   . . .        (no shield)
rNeg    + . .        T - +0 troll leather armour
rPois   ∞            r - +2 helmet
rElec   +            x - +0 cloak
rCorr   .            (no gloves)
SInv    .            L - +2 pair of boots
Will    ++...        h - amulet of reflection
Stlth   ++           e - +6 ring of strength
HPRegen 1.15/turn    y - +6 ring of intelligence
MPRegen 0.22/turn

%: reflection
@: about to teleport, flying
A: sickness immunity, AC +11, big wings, negative energy resistance 1,
electricity resistance, torment resistance 1, petrification resistance,
strong-willed 1, wild magic 1
a: Renounce Religion


You were on level 5 of the Lair of Beasts.
You worshipped Vehumet.
Vehumet was extremely pleased with you.
You visited 4 branches of the dungeon, and saw 20 of its levels.
You also visited: Ossuary, Bailey and Volcano.

You collected 3275 gold pieces.
You spent 1433 gold pieces at shops.

Inventory:

Hand Weapons
 a - a +5 demon whip of venom (weapon)
Missiles
 p - 5 silver javelins
 O - a throwing net
 U - 5 poisoned darts
Armour
 b - +0 steam dragon scales
 r - a +2 helmet (worn)
 u - a +2 ring mail of fire resistance
 x - a +0 cloak (worn)
 A - +1 swamp dragon scales
 L - a +2 pair of boots (worn)
 T - a +0 troll leather armour (worn)
Jewellery
 e - a +6 ring of strength (left hand)
 h - an amulet of reflection (around neck)
 y - a +6 ring of intelligence (right hand)
 P - an amulet of the acrobat
 S - an amulet of guardian spirit
 Y - a ring of fire
Talismans
 o - a beast talisman
Wands
 j - a wand of polymorph (27)
 m - a wand of digging (14)
 n - a wand of iceblast (18)
 v - a wand of acid (4)
 z - a wand of mindburst (46)
 Q - a wand of flame (29)
 W - a wand of charming (2)
Scrolls
 d - 3 scrolls of enchant armour
 k - a scroll of fog
 q - a scroll of silence
 s - 3 scrolls of blinking
 w - 5 scrolls of teleportation
 B - 3 scrolls of identify
 C - 3 scrolls of immolation
 J - 3 scrolls of vulnerability
 K - 3 scrolls of poison
 M - a scroll of brand weapon
 N - 2 scrolls of revelation
 V - 2 scrolls of amnesia
Potions
 c - 2 potions of brilliance
 f - 2 potions of resistance
 g - 3 potions of mutation
 i - 6 potions of enlightenment
 l - 5 potions of lignification
 t - 3 potions of haste
 D - 2 potions of ambrosia
 E - 3 potions of attraction
 F - 2 potions of invisibility
 G - 3 potions of berserk rage
 I - 4 potions of might
 X - a potion of heal wounds
 Z - a potion of cancellation


   Skills:
 - Level 10.0 Fighting
 - Level 12.0 Maces & Flails
 - Level 1.5 Dodging
 - Level 2.1 Stealth
 - Level 12.0 Spellcasting
 + Level 14.8 Conjurations
 + Level 11.9 Fire Magic
 - Level 3.0 Poison Magic


You had 6 spell levels left.
You knew the following spells:

 Your Spells              Type           Power      Damage    Failure   Level
a - Foxfire               Conj/Fire      100%       2x1d9     1%          1
b - Magic Dart            Conj           100%       1d8       1%          1
c - Scorch                Fire           100%       2d9       1%          2
d - Inner Flame           Hex/Fire       60%        N/A       1%          3
e - Flame Wave            Conj/Fire      87%        2d19      1%          4
f - Mephitic Cloud        Conj/Pois/Air  60%        N/A       1%          3
g - Ignite Poison         Fire/Tmut/Pois 55%        N/A       1%          3
h - Sticky Flame          Conj/Fire      87%        2d10      1%          4
i - Starburst             Conj/Fire      43%        6d12      1%          6
j - Iskenderun's Battles  Conj           92%        2d14      1%          5

Your spell library contained the following spells:

 Spells                   Type           Power      Damage    Failure   Level
 Arcjolt                  Conj/Air       33%        1d43      2%          5
 Dazzling Flash           Conj/Hex       100%       N/A       1%          3
 Hailstorm                Conj/Ice       66%        3d14      1%          3
 Volatile Blastmotes      Fire/Tloc      100%       2d18      1%          3
 Call Imp                 Summ           42%        N/A       10%         2
 Ensorcelled Hibernation  Hex/Ice        42%        N/A       10%         2
 Passwall                 Tmut/Erth      17%        N/A       10%         2
 Bombard                  Conj/Erth      33%        9d6       11%         6
 Swiftness                Air            21%        N/A       17%         3
 Plasma Beam              Fire/Air       30%        2x1d43    17%         6
 Lee's Rapid Deconstruct  Erth           10%        3d8*      32%         5
 Animate Armour           Summ/Erth      42%        N/A       45%         4
 Summon Ice Beast         Ice/Summ       21%        N/A       45%         4
 Summon Lightning Spire   Summ/Air       21%        N/A       45%         4
 Alistair's Intoxication  Tmut/Pois      21%        N/A       58%         5
 Eringya's Noxious Bog    Tmut/Pois      16%        4d6       65%         6
 Borgnjor's Vile Clutch   Necr/Erth      10%        N/A       78%         5
 Simulacrum               Ice/Necr       10%        N/A       100%        6
 Spellforged Servitor     Conj/Summ      33%        N/A       43%         7
 Ignition                 Fire           41%        3d12      47%         8
 Maxwell's Capacitive Co  Air            10%        ∞         100%        8


Dungeon Overview and Level Annotations

Branches:
Dungeon (12/15)            Temple (1/1) D:6            Lair (5/5) D:8
 Shoals (0/4) Lair:2       Spider (0/4) Lair:2        Slime (0/5) Lair:4
    Orc (2/2) D:9             Elf (0/3) Orc:2       Ossuary (visited)
 Bailey (visited)         Volcano (visited)

Altars:
Ashenzari
Cheibriados
Dithmenos
Elyvilon
Fedhas
Gozag
Hepliaklqana
Kikubaaqudgha
Makhleb
Nemelex Xobeh
Okawaru
Qazlal
Ru
Sif Muna
Trog
Uskayaw
Vehumet
Wu Jian
Xom
Yredelemnul
Zin
The Shining One
Jiyva

Shops:
D:8 *   Orc:2 *?(?


Innate Abilities, Weirdness & Mutations

You are immune to sickness and miasma.
Your stone body is resilient. (AC +11)
You are immune to poison.
Your large and strong wings let you fly.
You resist negative energy. (rN+)
You are resistant to electric shocks. (rElec)
You are resistant to unholy torment.
You are immune to petrification.
You are strong-willed. (Will+)
Your spells are a little harder to cast, but a little more powerful.


Message History

The fire dragon is moderately wounded.
You are engulfed in a cloud of scalding steam.
Aiming: Iceblast
Press: ? - help, Shift-Dir - straight line, f/p - fire dragon
Aim: a fire dragon (moderately wounded)
The mass of ice explodes!
The iceblast engulfs the fire dragon!!
The fire dragon is frozen!
The fire dragon is heavily wounded.
You are engulfed in a cloud of scalding steam.
Aiming: Iceblast
Press: ? - help, Shift-Dir - straight line, f/p - fire dragon
Aim: a fire dragon (heavily wounded)
The mass of ice explodes!
The iceblast engulfs the fire dragon but does no damage.
The fire dragon is heavily wounded.
You are engulfed in a cloud of scalding steam.
The fire dragon breathes flames at you. The blast of flame misses you.
Aiming: Iceblast
Press: ? - help, Shift-Dir - straight line, f/p - fire dragon
Aim: a fire dragon (heavily wounded, catching its breath)
The mass of ice explodes!
The iceblast engulfs the fire dragon!
The fire dragon is frozen!
The fire dragon is heavily wounded.
You are engulfed in a cloud of scalding steam.
Aiming: Iceblast
Press: ? - help, Shift-Dir - straight line, f/p - fire dragon
Aim: a fire dragon (heavily wounded)
The mass of ice explodes!
The iceblast engulfs the fire dragon!
The fire dragon is frozen!
The fire dragon is severely wounded.
The fire dragon breathes flames at you. The blast of flame hits you!!!
* * * LOW HITPOINT WARNING * * *
As you read the scroll of teleportation, it crumbles to dust.
You feel strangely unstable.
You are engulfed in a cloud of scalding steam.
The fire dragon breathes flames at you. The blast of flame hits you!!
You die...

♣..≈~♣..≈♣♣♣.....♣#.###.......#.
♣.♣.≈~~.≈♣.♣♣♣..♣♣##.####.##.#.#
♣..~.♣♣♣..≈....♣.♣ ### ########
.~~♣ ♣♣.~≈≈.÷♣♣♣ ~..♣♣♣
♣♣.~≈~~..♣ ≈.♣ $!. ♣♣♣.♣♣÷.♣♣♣
.$[[ ♣♣♣♣~♣÷~~.♣
$.☼.D♣○♣♣♣♣♣≈≈~♣
..~...~~.♣.♣@*~♣
.~≈≈☼~~≈...D§~§♣
≈~≈≈≈≈.≈≈~~~~.§♣
~.D~≈≈≈≈≈≈~~≈..♣
~♣..~≈≈≈≈≈~...♣♣ ♣♣♣..~~~~..♣♣♣
♣♣♣♣♣♣♣♣♣♣


You could see a fire dragon (catching breath) and a friendly battlesphere.

Vanquished Creatures
  An orc warlord (Orc:1)
  A dire elephant (Lair:5)
  A fire dragon (Volcano)
  4 hydras
  2 catoblepae (Lair:5)
  A boulder beetle (D:11)
  A two-headed ogre (D:11)
  A hell hog (Volcano)
  7 death yaks
  3 orc high priests (Orc:2)
  Urug (Orc:1)
  Sonja (D:11)
  5 skysharks
  A pharaoh ant (Lair:2)
  A swamp dragon (Lair:5)
  2 lindwurms
  Pikel (D:9)
  5 orc sorcerers
  4 orc knights
  9 elephants
  A manticore (D:10)
  7 black mambas
  12 cane toads
  Maggie (D:7)
  An unseen horror (D:10)
  11 komodo dragons
  8 rime drakes
  5 trolls
  3 polar bears
  A hornet (D:8)
  Prince Ribbit (D:9)
  Grinder (D:6)
  2 tarantellas (Lair:2)
  11 dream sheep (Lair:5)
  15 blink frogs
  A jumping spider (Lair:2)
  A slime creature (D:10)
  3 shadows
  3 wyverns
  4 fire bats (Volcano)
  4 wraiths
  34 yaks
  3 basilisks
  5 steam dragons
  A redback (Lair:2)
  3 wargs (Orc:1)
  8 water moccasins
  A hell hound (Volcano)
  An ice beast (D:8)
  A swamp drake (Lair:5)
  24 orc warriors
  2 black bears
  25 wolves
  2 ogres
  3 centaurs
  2 lemures (D:9)
  2 phantoms
  3 gnoll sergeants
  20 bullfrogs
  3 scorpions
  9 wights
  3 troll zombies (D:9)
  6 killer bees (D:10)
  2 vampire bats (Lair:3)
  3 howler monkeys (D:7)
  An electric eel (Lair:3)
  3 hounds
  15 orc priests
  2 jellies (Lair:4)
  2 gnoll boudas (D:9)
  2 sleepcaps
  5 iguanas
  14 orc wizards
  3 ogre zombies (D:9)
  31 gnolls
  A river rat (D:4)
  5 adders
  A shadow imp (D:5)
  An ufetubus (D:5)
  3 adder zombies (Ossuary)
  66 orcs
  9 ball pythons
  9 bats
  9 endoplasms
  2 giant cockroaches
  9 goblins
  3 hobgoblins
  7 jackals
  4 quokkas
  4 frilled lizards
  2 goblin skeletons (D:9)
  A goblin zombie (D:9)
  3 hobgoblin zombies
  12 kobolds
  A kobold zombie (Ossuary)
  3 orc skeletons
  13 orc zombies
  3 rats (D:3)
  A foxfire (Orc:1)
564 creatures vanquished.

Vanquished Creatures (collateral kills)
  A two-headed ogre (D:9)
  An orc zombie (D:9)
  2 foxfires
4 creatures vanquished.

Vanquished Creatures (others)
  An orc wizard (Orc:2)
  599 foxfires
600 creatures vanquished.

Grand Total: 1168 creatures vanquished

Notes
Turn   | Place    | Note
-------+----------+-------------------------------------------
     0 | D:1      | wvc the Gargoyle Fire Elementalist began the quest for the
                  | Orb.
     0 | D:1      | Reached XP level 1. HP: 10/10 MP: 3/3
   211 | D:1      | Reached XP level 2. HP: 15/15 MP: 3/5
   536 | D:1      | Reached XP level 3. HP: 16/19 MP: 0/6
  1013 | D:2      | Reached skill level 2 in Conjurations
  1131 | D:2      | Reached XP level 4. HP: 24/24 MP: 3/7
  2100 | D:3      | Found a faded altar of an unknown god.
  2297 | D:3      | Reached skill level 3 in Conjurations
  2299 | D:3      | Reached XP level 5. HP: 28/28 MP: 6/9
  2849 | D:3      | You fall into a shaft and drop 1 floor!
  3087 | D:3      | Reached XP level 6. HP: 32/32 MP: 11/11
  3091 | D:3      | Learned a level 1 spell: Magic Dart
  3094 | D:3      | Learned a level 2 spell: Scorch
  3098 | D:3      | Learned a level 3 spell: Inner Flame
  3328 | D:3      | Found a sparkling altar of Nemelex Xobeh.
  3549 | D:3      | Found a burning altar of Makhleb.
  3816 | D:4      | Reached skill level 4 in Conjurations
  3998 | D:4      | Found an ancient bone altar of Kikubaaqudgha.
  4702 | D:5      | Entered Level 5 of the Dungeon
  5066 | D:5      | Reached skill level 5 in Conjurations
  5066 | D:5      | Reached XP level 7. HP: 30/36 MP: 11/13
  5141 | D:5      | Reached skill level 5 in Fire Magic
  5803 | D:6      | Found an iron altar of Okawaru.
  5826 | D:6      | Learned a level 4 spell: Flame Wave
  6008 | D:6      | Reached skill level 6 in Conjurations
  6029 | D:6      | Found a basalt altar of Yredelemnul.
  6052 | D:6      | Found a broken altar of Ashenzari.
  6281 | D:6      | Found a sand-covered staircase.
  6286 | Ossuary  | Entered an ossuary
  6428 | Ossuary  | Noticed a wraith
  6428 | Ossuary  | Noticed a flying skull
  6461 | Ossuary  | Noticed a flying skull
  6495 | Ossuary  | Reached XP level 8. HP: 16/41 MP: 9/15
  6592 | Ossuary  | Noticed a flying skull
  6597 | Ossuary  | Noticed a wraith
  6634 | Ossuary  | Killed a wraith
  6785 | Ossuary  | Reached skill level 5 in Spellcasting
  6849 | Ossuary  | Noticed a wraith
  6890 | Ossuary  | Killed a wraith
  6891 | Ossuary  | Reached skill level 7 in Conjurations
  7073 | D:6      | Noticed Grinder
  7085 | D:6      | Killed Grinder
  7132 | D:6      | Found a staircase to the Ecumenical Temple.
  7143 | Temple   | Entered the Ecumenical Temple
  7587 | D:7      | Learned a level 3 spell: Mephitic Cloud
  7633 | D:7      | Reached skill level 8 in Conjurations
  7781 | D:7      | Reached XP level 9. HP: 34/45 MP: 17/17
  7855 | D:7      | Found a glowing golden altar of the Shining One.
  7876 | D:7      | Found a radiant altar of Vehumet.
  7886 | D:7      | Became a worshipper of Vehumet
  8028 | D:7      | Found a flagged portal.
  8037 | Bailey   | Entered a bailey
  8046 | Bailey   | Noticed an orc warlord
  8172 | Bailey   | Noticed an orc knight
  8578 | D:7      | Noticed Maggie
  8614 | D:7      | Killed Maggie
  8615 | D:7      | Reached skill level 9 in Conjurations
  8813 | D:7      | Learned a level 3 spell: Ignite Poison
  9456 | D:8      | Reached skill level 1 in Fighting
  9465 | D:8      | Reached skill level 10 in Conjurations
  9516 | D:8      | Reached * piety under Vehumet
  9516 | D:8      | Offered knowledge of Sandblast by Vehumet.
  9604 | D:8      | Noticed a hornet
  9608 | D:8      | Killed a hornet
  9609 | D:8      | Reached skill level 1 in Poison Magic
  9609 | D:8      | Reached XP level 10. HP: 52/52 MP: 12/20
  9688 | D:8      | Found Ceriloss's Assorted Antiques.
  9694 | D:8      | Bought a potion of curing for 87 gold pieces
 10103 | D:8      | Found a staircase to the Lair.
 10141 | D:8      | Learned a level 4 spell: Sticky Flame
 10281 | D:9      | Noticed Prince Ribbit
 10294 | D:9      | Killed Prince Ribbit
 10471 | D:9      | Noticed Pikel
 10487 | D:9      | Killed Pikel
 10633 | D:9      | Found an ornate altar of the Wu Jian Council.
 10662 | D:10     | Entered Level 10 of the Dungeon
 10861 | D:9      | Found a shadowy altar of Dithmenos.
 11056 | D:9      | Found a glowing silver altar of Zin.
 11358 | D:9      | Reached skill level 5 in Fighting
 11376 | D:9      | Reached ** piety under Vehumet
 11381 | D:9      | Offered knowledge of Momentum Strike by Vehumet.
 11405 | D:9      | Noticed a two-headed ogre
 11435 | D:9      | Killed a two-headed ogre
 11603 | D:9      | Found a staircase to the Orcish Mines.
 11981 | D:10     | Reached XP level 11. HP: 69/69 MP: 16/21
 12367 | D:10     | Offered knowledge of Searing Ray by Vehumet.
 12495 | D:10     | Reached *** piety under Vehumet
 12735 | D:10     | Found a blossoming altar of Fedhas.
 12836 | D:10     | Noticed a manticore
 12849 | D:10     | Killed a manticore
 13471 | D:11     | Noticed a boulder beetle
 13487 | D:11     | Killed a boulder beetle
 13972 | D:11     | Noticed a two-headed ogre
 14006 | D:11     | Killed a two-headed ogre
 14007 | D:11     | Reached skill level 11 in Conjurations
 14051 | D:11     | Noticed Sonja
 14056 | D:11     | Killed Sonja
 14583 | Orc:1    | Entered Level 1 of the Orcish Mines
 14762 | Orc:2    | Entered Level 2 of the Orcish Mines
 14818 | D:9      | Learned a level 6 spell: Starburst
 14853 | D:9      | Identified a scroll of acquirement
 14854 | D:9      | Acquired 844 gold pieces
 14865 | Orc:1    | Offered knowledge of Frozen Ramparts by Vehumet.
 15028 | Orc:1    | Noticed Urug
 15237 | Orc:1    | Killed Urug
 15238 | Orc:1    | Reached XP level 12. HP: 60/76 MP: 23/25
 15313 | Orc:1    | Reached **** piety under Vehumet
 15318 | Orc:1    | Offered knowledge of Freezing Cloud by Vehumet.
 15605 | Orc:2    | Noticed an orc warlord
 15777 | Orc:2    | Noticed a soul eater
 15804 | Orc:2    | Noticed an orc high priest
 15808 | Orc:2    | Gained mutation: You are occasionally teleported next to
                  | monsters. [a neqoxec]
 15826 | Orc:2    | Noticed a sun demon
 15928 | Orc:1    | Killed an orc warlord
 16042 | Orc:2    | Noticed a sun demon
 16058 | Orc:1    | Reached skill level 12 in Conjurations
 16206 | Orc:2    | Reached skill level 10 in Spellcasting
 16266 | Orc:2    | Found a staircase to the Elven Halls.
 16478 | Orc:2    | Noticed an orc high priest
 16483 | Orc:2    | Noticed an orc high priest
 16549 | Orc:2    | Noticed a soul eater
 16552 | Orc:2    | Lost mutation: You are occasionally teleported next to
                  | monsters. [potion of mutation]
 16552 | Orc:2    | Gained mutation: You are strong-willed. (Will+) [potion of
                  | mutation]
 16552 | Orc:2    | Gained mutation: Your spells are a little harder to cast,
                  | but a little more powerful. [potion of mutation]
 16623 | Orc:2    | Reached skill level 10 in Fire Magic
 16642 | Orc:2    | Killed an orc high priest
 16782 | Orc:2    | Reached ***** piety under Vehumet
 16958 | Orc:2    | Noticed a soul eater
 16976 | Orc:2    | Offered knowledge of Spellforged Servitor by Vehumet.
 17043 | Orc:2    | Found Laefock's General Store.
 17047 | Orc:2    | Found Huled's Antique Weapon Boutique.
 17142 | Orc:2    | Killed an orc high priest
 17178 | Orc:2    | Killed an orc high priest
 17238 | Orc:2    | Found Usaithokh's Magic Scroll Emporium.
 17239 | Orc:2    | Found Macipt's Magic Scroll Boutique.
 17249 | Orc:2    | Bought a runed demon whip for 576 gold pieces
 17257 | Orc:2    | Bought a scroll of blinking for 135 gold pieces
 17257 | Orc:2    | Bought a scroll of poison for 72 gold pieces
 17257 | Orc:2    | Bought a scroll of poison for 72 gold pieces
 17257 | Orc:2    | Bought a scroll of blinking for 135 gold pieces
 17260 | Orc:2    | Bought a scroll of blinking for 97 gold pieces
 17260 | Orc:2    | Bought a scroll of brand weapon for 123 gold pieces
 17260 | Orc:2    | Bought a scroll of enchant armour for 97 gold pieces
 17260 | Orc:2    | Bought a scroll of teleportation for 39 gold pieces
 17499 | Lair:1   | Entered Level 1 of the Lair of Beasts
 17663 | Lair:1   | Reached skill level 1 in Maces & Flails
 17788 | Lair:1   | Reached XP level 13. HP: 63/80 MP: 14/28
 17926 | Lair:1   | Reached skill level 5 in Maces & Flails
 18716 | Lair:2   | Found a hole to the Spider Nest.
 19488 | Lair:2   | Found a staircase to the Shoals.
 20313 | Lair:3   | Reached skill level 10 in Maces & Flails
 20997 | Lair:4   | Found a viscous altar of Jiyva.
 21017 | Lair:4   | Found a staircase to the Slime Pits.
 21062 | Lair:4   | Found a dark tunnel.
 21153 | Lair:4   | Offered knowledge of Airstrike by Vehumet.
 21186 | Volcano  | Entered a volcano
 21243 | Volcano  | Noticed a fire dragon
 21263 | Volcano  | Killed a fire dragon
 21329 | Volcano  | Gained mutation: Your large and strong wings let you fly.
                  | [Gargoyle growth]
 21329 | Volcano  | Reached XP level 14. HP: 58/86 MP: 29/29
 22084 | Lair:4   | Reached skill level 13 in Conjurations
 22827 | Lair:5   | Entered Level 5 of the Lair of Beasts
 23102 | Lair:5   | Reached skill level 10 in Fighting
 23217 | Lair:5   | Learned a level 5 spell: Iskenderun's Battlesphere
 23649 | Lair:5   | Offered knowledge of Arcjolt by Vehumet.
 23764 | Lair:5   | Noticed a dire elephant
 23958 | Lair:5   | Killed a dire elephant
 24198 | Lair:5   | Reached skill level 14 in Conjurations
 24547 | Lair:5   | Reached XP level 15. HP: 88/92 MP: 31/31
 25223 | Lair:5   | Killed from afar by a fire dragon

Illustrated notes

Levels and vault maps discovered:
D:1:      grunt_arrival_lava_bath, layout_basic
D:2:      layout_loops_corners, serial_glass, glass_columns_a, glass_columns_a,
          glass_columns_a, glass_columns_b, glass_columns_b, glass_columns_c,
          glass_columns_a, glass_columns_a
D:3:      layout_basic, nemelex_altar_shiori, marbit_many_paths,
          hellmonk_ecumenical_altar_pennies_from_heaven,
          kennysheep_generic_room_13
D:4:      layout_basic, kiku_gazebo_garden_becter
D:5:      layout_loops_corners
D:6:      layout_loops_corners, ashenzari_conservatory_becter, kennysheep_mini,
          amcnicky_altar_gilded, minmay_temple_entry_trees, enter_ossuary_2,
          dreamdust_wishing_well, uniq_grinder
D:7:      layout_cave_pods, mainiacjoe_overflow_paths,
          mainiacjoe_overflow_cross_hatched, enter_bailey_5, uniq_maggie
D:8:      layout_basic, grunt_lair_entry_orc_guard_hut, serial_shops,
          nicolae_shop_overgrown_old_shop
D:9:      layout_basic, kennysheep_mini_moat, mainiacjoe_overflow_alcove_1,
          mainiacjoe_overflow_alcove_2, zombieorc1_lemuel, uniq_prince_ribbit1,
          uniq_pikel
D:10:     kennysheep_big_flooded_room, layout_basic,
          fedhas_bush_and_centaur_altar
D:11:     layout_rooms, uniq_sonja
D:12:     layout_long_grid
Temple:   eino_temple_lava
Lair:1:   layout_cave_pods, grunt_megastairs_2
Lair:2:   layout_cave_pods, shoals_dummy_entry,
          nicolae_spider_entry_lesser_pyramids, grunt_megastairs_5
Lair:3:   layout_chaotic_city, roderic_batcave, serial_bayou_shore_a
Lair:4:   layout_gridlike, nicolae_slime_entry_slimehenge,
          nicolae_volcano_entry_vermiform, beast_lair_carwin_4
Lair:5:   guppyfry_lair_end_dragon, layout_loops_ring, hangedman_lair_in_review
Orc:1:    layout_diamond_mine, nicolae_orc_damp_corner, minmay_orc_keep,
          uniq_urug
Orc:2:    st_orc_elflike, layout_diamond_mine

Skill      XL: |  1  2  3  4  5  6  7  8  9 10 11 12 13 14 |
---------------+-------------------------------------------+-----
Conjurations   | 2 3 5 6 8 10 11 12 14 | 14.8
Fire Magic     | 4 5 6 7 8 9 10 11 | 11.9
Spellcasting   | 3 4 5 7 9 11 12 | 12.0
Fighting       | 1 8 9 10 | 10.0
Poison Magic   | 1 3 |  3.0
Maces & Flails | 3 11 12 | 12.0
Dodging        | |  1.5
Stealth        | |  2.1

Action                     |  1- 3 |  4- 6 |  7- 9 | 10-12 | 13-15 || total
---------------------------+-------+-------+-------+-------+-------++-------
  Melee: Dagger            |     6 |   115 |   234 |   487 |       ||   842
         Punch             |       |     1 |     6 |     9 |    14 ||    30
         Demon whip        |       |       |       |    24 |   848 ||   872
   Cast: Foxfire           |    42 |    73 |   121 |    86 |    26 ||   348
         Mephitic Cloud    |       |       |    13 |    65 |    39 ||   117
         Magic Dart        |       |       |     9 |    68 |    39 ||   116
         Ignite Poison     |       |       |     2 |    19 |    15 ||    36
         Inner Flame       |       |       |     1 |     1 |       ||     2
         Flame Wave        |       |       |       |    41 |     7 ||    48
         Sticky Flame      |       |       |       |     1 |       ||     1
         Starburst         |       |       |       |     1 |    15 ||    16
         Scorch            |       |       |       |     1 |     2 ||     3
         Iskenderun's Batt |       |       |       |       |     8 ||     8
  Evoke: Wand              |       |     1 |     3 |     7 |    32 ||    43
    Use: Scroll            |       |    13 |    13 |    14 |     5 ||    45
         Potion            |       |       |     2 |     4 |     3 ||     9
   Stab: Sleeping          |       |       |     5 |       |       ||     5
         Confused          |       |       |     5 |    15 |     7 ||    27
 Armour: Robe              |    23 |    77 |   116 |       |       ||   216
         Leather armour    |       |       |    33 |       |       ||    33
         Swamp dragon scal |       |       |    30 |   199 |       ||   229
         Troll leather arm |       |       |       |   300 |   535 ||   835
         Ring mail         |       |       |       |       |     8 ||     8
  Dodge: Dodged            |    32 |    67 |   141 |   301 |   339 ||   880
  Block: Other             |       |    13 |    59 |   135 |   120 ||   327
         Reflection        |       |       |       |     9 |     1 ||    10

Table legend: (Time is in decaauts)
 A = Elapsed time spent in this place.
 B = Non-inter-level travel time spent in this place.
 C = Inter-level travel time spent in this place.
 D = Time resting spent in this place.
 E = Time spent auto-exploring this place.
 F = Levels seen in this place.
 G = Mean time per level.
                   A        B        C        D        E       F      G
               +--------+--------+--------+--------+--------+-----+--------+
         Total |  24934 |  24168 |    766 |   4463 |  13259 |  23 | 1084.1 |
       Dungeon |  13837 |  13382 |    455 |   1837 |   8543 |  12 | 1153.1 |
        Temple |      1 |      1 |      0 |      0 |      0 |   1 |    1.0 |
          Lair |   7006 |   6818 |    188 |   1250 |   3649 |   5 | 1401.2 |
  Orcish Mines |   2786 |   2664 |    122 |    938 |    789 |   2 | 1393.0 |
       Ossuary |    784 |    784 |      0 |    373 |    129 |   1 |  784.0 |
        Bailey |    164 |    164 |      0 |     16 |     10 |   1 |  164.0 |
       Volcano |    353 |    353 |      0 |     49 |    139 |   1 |  353.0 |
               +--------+--------+--------+--------+--------+-----+--------+

Top non-repeatable levels by time:
  Lair:5: 2199 daAuts
     D:9: 1876 daAuts
   Orc:1: 1767 daAuts
    D:10: 1567 daAuts
     D:3: 1453 daAuts
  Lair:2: 1432 daAuts
     D:7: 1430 daAuts
  Lair:4: 1375 daAuts
     D:8: 1240 daAuts
  Lair:1: 1201 daAuts
     D:2: 1178 daAuts
     D:4: 1162 daAuts
     D:5: 1036 daAuts
     D:6: 1020 daAuts
   Orc:2: 1019 daAuts
